Map: Void Training Stage 3

Players

Kelsorg - Winner!

  • Race: Zerg Zerg
  • Spawn Location: 6:00

Player 2

  • Race: Zerg Zerg
  • Spawn Location: 12:00

VOD

Have the link to the VOD?

Description

Time

  • Played on: May 21, 2020, 2:05 p.m.
  • Length: 12:11
Show
View Real Time Build Order
Export as new Build Order

Kelsorg Zerg - Winner!

Build Orders: Pool First 

Get SALT Encoding   

  12  0:01  Drone  
  13  0:26  Overlord  
  13  0:28  Drone  
  14  0:37  Spawning Pool  
  13  0:49  Drone x3  
  16  0:59  Extractor  
  16  1:00  Drone  
  16  1:24  Queen  
  18  1:28  Drone x2  
  20  1:33  Drone  
  21  1:44  Overlord  
  21  1:53  Drone  
  22  2:02  Queen  
  22  2:04  Hatchery  
  23  2:23  Roach Warren  
  23  2:24  Drone  
  23  2:25  Drone  
  24  2:50  Overlord x4  
  24  3:07  Drone  
  24  3:12  Queen  
  27  3:21  Hatchery  
  26  3:38  Drone x5  
  31  4:14  Drone x7  
  38  4:25  Extractor  
  37  4:55  Drone x3  
  37  4:56  Drone  
  41  5:02  Drone  
  41  5:03  Drone x2  
  44  5:43  Drone  
  44  5:47  Drone x9  
  44  5:48  Drone x3  
  57  5:57  Overlord x6  
  57  6:09  Drone  
  57  6:10  Drone x2  
  57  6:11  Drone  
  61  6:25  Roach x5  
  71  6:26  Roach x5  
  81  6:43  Roach x5  
  81  6:44  Roach x2  
  95  6:50  Overlord x6  
  95  7:07  Roach x6  
  95  7:08  Roach  
  109  7:18  Extractor  
  109  7:19  Queen  
  108  7:39  Roach x12  
  132  8:06  Roach x9  
  132  8:10  Overlord  
  150  8:33  Roach x7  
  164  8:45  Roach x6  
  176  8:52  Overlord x4  
  176  8:53  Overlord x2  
  176  9:16  Roach  
  192  9:17  Roach x11  
  200  9:38  Overlord  
  200  9:39  Overlord x9  
  198  10:40  Overlord x11  
  198  10:41  Overlord x7  
  196  11:18  Ravager x3  
  185  11:19  Ravager x5  
  182  11:29  Ravager  
Show
View Real Time Build Order
Export as new Build Order

Player 2 Zerg 

Build Orders: 1 Base Baneling Bust, Pool First 

Get SALT Encoding   

  12  0:00  Drone  
  13  0:13  Overlord  
  13  0:18  Drone  
  14  0:31  Drone  
  14  0:34  Drone  
  16  0:43  Spawning Pool  
  16  0:46  Drone  
  16  0:50  Drone  
  16  0:53  Extractor  
  16  0:56  Drone  
  17  1:06  Overlord  
  17  1:31  Zergling x2  
  17  1:32  Queen  
  18  1:39  Drone  
  21  1:40  Roach Warren  
  21  1:41  Extractor  
  19  1:47  Zergling x2  
  19  1:49  Drone  
  21  2:00  Drone  
  22  2:15  Overlord  
  22  2:22  Roach  
  24  2:37  Roach  
  24  2:39  Overlord  
  26  2:53  Roach  
  28  3:03  Drone  
  29  3:08  Drone  
  29  3:09  Roach  
  32  3:18  Overlord  
  32  3:22  Drone  
  32  3:24  Roach  
  32  3:26  Drone  
  36  3:34  Drone  
  37  3:43  Roach, Drone  
  37  3:44  Baneling Nest  
  37  3:46  Drone  
  40  3:53  Evolution Chamber  
  40  3:55  Drone  
  40  3:58  Roach  
  42  4:14  Roach  
  44  6:33  Lair, Drone, Overlord  
  44  6:35  Spore Crawler  
  44  6:37  Drone, Spore Crawler  
  44  6:39  Evolution Chamber  
  43  6:40  Drone  
  43  6:42  Hatchery  
  43  6:43  Drone  
  44  6:51  Drone  
  45  7:00  Spine Crawler  
  45  7:01  Drone  
  45  7:03  Spine Crawler  
  45  7:04  Drone  
  42  7:16  Zergling x2  
  32  7:29  Roach  
  30  7:30  Overseer, Queen  
  30  7:31  Overseer  
  30  7:34  Infestation Pit, Drone  
  32  7:38  Hydralisk Den, Drone  
  32  7:40  Spire  
  32  7:41  Drone  
  32  7:42  Roach  
  34  7:54  Roach  
  34  7:55  Drone, Queen  
  34  7:58  Drone  
  40  8:00  Drone  
  40  8:03  Drone, Extractor  
  40  8:04  Spore Crawler x2  
  39  8:06  Drone  
  39  8:07  Roach  
  39  8:09  Drone  
  39  8:12  Drone  
  44  8:15  Drone  
  44  8:18  Drone  
  46  8:20  Roach, Drone  
  46  8:23  Drone  
  46  8:25  Overlord  
  50  8:29  Spine Crawler  
  50  8:31  Drone  
  50  8:33  Roach  
  52  8:34  Drone  
  52  8:37  Drone  
  52  8:40  Drone  
  52  8:41  Spine Crawler  
  54  8:43  Drone  
  54  8:47  Drone  
  56  8:52  Hydralisk  
  58  8:58  Drone  
  58  9:01  Drone  
  60  9:04  Drone, Hydralisk  
  60  9:05  Overlord  
  60  9:07  Drone  
  60  9:09  Drone  
  65  9:12  Drone  
  65  9:16  Drone  
  67  9:21  Drone  
  68  9:27  Drone  
  68  9:28  Hydralisk  
  68  9:30  Drone  
  72  9:41  Hydralisk  
  74  10:30  Zergling x2  
  74  10:32  Queen  
  74  10:33  Overlord  
  74  10:37  Hydralisk  
  74  10:38  Spine Crawler  
  74  10:42  Drone  
  68  10:45  Drone, Zergling x2  
  68  10:48  Drone  
  65  10:51  Drone, Mutalisk  
  65  10:56  Spore Crawler  
  65  10:57  Drone  
  59  10:59  Hydralisk  
  59  11:00  Drone  
  59  11:03  Drone  
  61  11:08  Queen  
  61  11:10  Overseer  
  58  11:12  Mutalisk  
  52  11:23  Drone, Zergling x2  
  44  11:26  Drone  
  44  11:29  Drone  
  38  11:35  Roach  
  40  11:42  Evolution Chamber  
  40  11:46  Drone  
Tags
 
Add a new tag
Caveats
  • Supply blocks, unpowered buildings, or Contaminate may cause inaccurate times.
  • Supply counts are checked every 10 seconds.